AoeStats
← L. Erikson

Arena

509726860Analyzed
2v2 RM · 4d ago on Sep 27, 2026· 45m 36s· 4 players
Game mode
Random Map
Map size
Medium (4 player)
Population
200
Speed
Normal
Resources
Standard
Victory
Conquest
Starting age
Dark Age
Ending age
Imperial Age
RankedLock teamsTeams togetherTeam positionsShared explorationLock speedFull tech treeHidden civsTurbo modeCheats
Victory
Defeat
🇩🇪 Danes · Germany
943
+16
🇩🇪 Bohemians · Germany
854
+20
🇪🇸 Turks · Spain
951
-18
🇲🇽 Khmer · Mexico
932
-18
aj.jr
0:30 Loom
12:14 Feudal Age
13:09 Horse Collar
13:29 Double-Bit Axe
19:51 Castle Age
19:13 Bloodlines
19:01 Fletching
21:55 Forging
21:51 Scale Barding Armor
22:23 Husbandry
22:21 Town Watch
25:26 Wheelbarrow
25:31 Stone Mining
25:59 Bodkin Arrow
26:40 Iron Casting
33:48 Imperial Age
31:29 Gold Mining
32:22 Town Patrol
33:01 Padded Archer Armor
34:03 Hand Cart
34:34 Elite Skirmisher
34:43 Light Cavalry
34:47 Pikeman
35:13 Arson
35:54 Bracer
36:10 Leather Archer Armor
36:35 Conscription
37:31 Blast Furnace
38:53 Hoardings
37:43 Elite Ballista Elephant
manoloyanez
11:13 Feudal Age
11:39 Double-Bit Axe
11:35 Horse Collar
19:32 Castle Age
17:44 Loom
18:42 Stone Mining
18:44 Gold Mining
20:56 Fletching
22:03 Bow Saw
22:07 Murder Holes
22:34 Ballistics
23:51 Heavy Plow
28:55 Caravan
33:38 Bodkin Arrow
33:43 Padded Archer Armor
36:17 Imperial Age
33:32 Treadmill Crane
35:44 Sipahi
36:19 Sanctity
37:53 Conscription
38:48 Bracer
39:04 Leather Archer Armor
41:34 Artillery
41:59 Bombard Tower
41:24 Arrowslits
44:28 Ring Archer Armor
44:05 Scale Barding Armor
Ronin501
5:05 Loom
11:38 Feudal Age
13:22 Double-Bit Axe
16:45 Castle Age
31:13 Imperial Age
29:09 Fletching
31:05 Ballistics
31:48 Pikeman
36:21 Bodkin Arrow
36:26 Padded Archer Armor
36:37 Forging
39:38 Chemistry
38:34 Murder Holes
38:50 Fortified Wall
L. Erikson
10:46 Feudal Age
14:31 Loom
18:28 Castle Age
17:36 Scale Mail Armor
17:46 Forging
17:44 Padded Archer Armor
17:35 Fletching
18:21 Double-Bit Axe
20:09 Squires
26:58 Leather Archer Armor
27:19 Elite Skirmisher
34:34 Ballistics
38:47 Imperial Age
37:39 Thumb Ring
37:35 Bodkin Arrow
38:00 Arson
40:28 Scale Mail Armor
40:39 Forging
41:00 Elite Varangian Guard
43:32 Masonry
43:18 Onager
45:27 Husbandry
Connection lost

Rejoining the realm…

Still unreachable

The connection could not be restored.

Session expired

The server has moved on; the page needs a fresh start.